 Dungeon Crawl Stone Soup version 0.30-a0-859-gf88a04b62d (webtiles) character file.

Game seed: 213403916239917633

49 zenocrate the Insei (level 3, -1/23 HPs)
             Began as an Octopode Transmuter on Mar 7, 2023.
             Slain by a hobgoblin (6 damage)
             ... led by Robin
             ... on level 2 of the Dungeon.
             The game lasted 00:01:34 (1180 turns).

zenocrate the Insei (Octopode Transmuter)           Turns: 1180, Time: 00:01:35

Health: -1/23      AC:  1    Str:  9    XL:     3   Next: 75%
Magic:  4/6        EV: 13    Int: 17    God:
Gold:   89         SH:  0    Dex: 12    Spells: 3/6 levels left

rFire   . . .      SeeInvis .      - Unarmed
rCold   . . .      Faith    .    (no shield)
rNeg    . . .      Spirit   .    (helmet currently unavailable)
rPois   .          Reflect  .    (no amulet)
rElec   .          Rampage  .    (no ring)
rCorr   .                        (no ring)
Will    .....                    (no ring)
Stlth   +++                      (no ring)
HPRegen 0.23/turn                (no ring)
MPRegen 0.10/turn                (no ring)
                                 (no ring)
                                 (no ring)

@: appendages
A: tentacle spike 3, almost no armour, amphibious, 8 rings, camouflage 1,
gelatinous body 1, (nimble swimmer 1), tentacles
a: End Transformation


You were on level 2 of the Dungeon.
One of your tentacles had grown a beastly spike.
You visited 1 branch of the dungeon, and saw 2 of its levels.

You collected 89 gold pieces.

Inventory:

Scrolls
 d - a scroll of enchant weapon {unknown}
 e - a scroll of noise {unknown}
Potions
 a - a potion of lignification
 b - a potion of heal wounds {unknown}
 c - a potion of resistance {unknown}


   Skills:
 - Level 1.0 Fighting
 - Level 2.0 Dodging
 - Level 1.1 Stealth
 + Level 3.8 Unarmed Combat
 - Level 2.0 Spellcasting
 + Level 3.0 Transmutations


You had 3 spell levels left.
You knew the following spells:

 Your Spells              Type           Power      Damage    Failure   Level
a - Beastly Appendage     Tmut           24%        N/A       5%          1
b - Wereblood             Tmut           12%        N/A       9%          2

Your spell library contained the following spells:

 Spells                   Type           Power      Damage    Failure   Level
 Apportation              Tloc           2%         N/A       19%         1
 Spider Form              Tmut/Pois      6%         N/A       30%         3
 Ice Form                 Ice/Tmut       6%         N/A       71%         4
 Alistair's Intoxication  Tmut/Pois      4%         N/A       96%         5


Dungeon Overview and Level Annotations

Branches:
Dungeon (2/15)

Altars:

Shops:
D:1 (


Innate Abilities, Weirdness & Mutations

One of your tentacles has grown a beastly spike.
You cannot wear most types of armour.
You are amphibious.
You can wear up to eight rings at the same time.
Your skin changes colour to match your surroundings (Stealth+).
Your rubbery body absorbs attacks. (AC +1, EV +1)
((You are camouflaged when in or above water. (Stealth+)))
You have tentacles for arms and can constrict up to eight enemies at once.


Message History

The hobgoblin is almost dead.
You tentacle-slap the hobgoblin.
You kill the hobgoblin!
Robin throws the goblin at you!
You completely miss the goblin. Your grab misses the goblin.
Robin roars a battlecry!
The hobgoblin goes into a battle-frenzy!
The goblin completely misses you.
You hear a shout! x2
A goblin comes into view.
It is wielding a +2 dagger of protection.
The goblin hits you with a +0 club. Robin throws the goblin at you!
You tentacle-slap Robin but do no damage.
You grab Robin. You squeeze Robin!
Robin is heavily wounded.
You constrict Robin, but do no damage. The goblin barely misses you.
The goblin hits you with a +0 club. Robin barely misses you.
A goblin comes into view. It is wielding a +0 club.
A goblin comes into view. It is wielding a +0 dagger.
You tentacle-slap Robin.
You pierce Robin.
You kill Robin!
Your Transmutations skill increases to level 3!
Unknown command.
You tentacle-slap the goblin. Your grab misses the goblin.
You pierce the goblin.
The goblin is severely wounded.
The goblin closely misses you.
The goblin hits you with a +2 dagger of protection.
Your magical contamination has completely faded away.
Unknown command.
You barely miss the goblin. Your grab misses the goblin.
You pierce the goblin.
You squeeze the goblin.
You kill the goblin!
The goblin hits you with a +0 club.
* * * LOW HITPOINT WARNING * * *
The hobgoblin barely misses you.
Unknown command.
You closely miss the goblin. You grab the goblin.
You pierce the goblin.
You kill the goblin!
The hobgoblin hits you.
You die...

########## .........##
####.....##########
#)g............##.
#@#...............
#g##..............
#ggg..gg....#.######)###
#.#####g###.#.# #†# #.#
#...# #.# ..# ##### #.#
....######## #.###
>........<.# #...#
#.##.######.# ###.#


You could see 2 hobgoblins and 3 goblins.

Vanquished Creatures
  Robin (D:2)
  3 giant cockroaches (D:1)
  7 goblins
  6 hobgoblins
  3 jackals (D:2)
  2 quokkas (D:1)
  5 ball pythons (D:1)
  3 bats
  2 frilled lizards (D:1)
  A kobold (D:1)
  2 rats
35 creatures vanquished.

Notes
Turn   | Place    | Note
-------+----------+-------------------------------------------
     0 | D:1      | zenocrate the Octopode Transmuter began the quest for the
                  | Orb.
     0 | D:1      | Reached XP level 1. HP: 13/13 MP: 3/3
   185 | D:1      | Reached skill level 1 in Stealth
   198 | D:1      | Reached XP level 2. HP: 10/18 MP: 5/5
   201 | D:1      | Learned a level 2 spell: Wereblood
   396 | D:1      | Found Zisocebo's Weapon Shoppe.
   958 | D:1      | Reached XP level 3. HP: 23/23 MP: 6/6
  1165 | D:2      | Identified the +1 helmet of Aduo {-Tele Rampage rElec
                  | rN+++}
  1165 | D:2      | Noticed Robin
  1177 | D:2      | Killed Robin
  1180 | D:2      | Slain by a hobgoblin

Illustrated notes

Levels and vault maps discovered:
D:1:      matt_arrival_spirals, layout_basic, serial_shops,
          nicolae_shop_bloodbath_and_beyond
D:2:      layout_loops_ring, shapermc_ecumenical_altar_mp_highgroup, uniq_robin

Skill      XL: |  1  2  3 |
---------------+----------+-----
Stealth        | 1 |  1.1
Transmutations | 3 |  3.0
Fighting       | |  1.0
Dodging        | |  2.0
Unarmed Combat | |  3.8
Spellcasting   | |  2.0

Action                     || total
---------------------------++-------
  Melee: Unarmed           ||    68
         Constrict         ||    28
         Tentacles         ||    14
         Kick              ||    17
   Cast: Beastly Appendage ||    10
         Wereblood         ||     9
   Stab: Sleeping          ||     6
 Armour: Skin              ||     4
  Dodge: Dodged            ||    47

Table legend: (Time is in decaauts)
 A = Elapsed time spent in this place.
 B = Non-inter-level travel time spent in this place.
 C = Inter-level travel time spent in this place.
 D = Time resting spent in this place.
 E = Time spent auto-exploring this place.
 F = Levels seen in this place.
 G = Mean time per level.
                   A        B        C        D        E       F      G
               +--------+--------+--------+--------+--------+-----+--------+
         Total |   1175 |   1175 |      0 |      0 |    951 |   2 |  587.5 |
       Dungeon |   1175 |   1175 |      0 |      0 |    951 |   2 |  587.5 |
               +--------+--------+--------+--------+--------+-----+--------+

Top non-repeatable levels by time:
     D:1: 1033 daAuts
     D:2: 142 daAuts
